MLB
CLEVELAND GUARDIANS @ OAKLAND ATHLETICS
08/10/2046
 
TOP OF THE 1ST
Cleveland Indians batting - Pitching for Oakland Athletics : RHP Jalen Cobbins
Pitching: RHP Jalen Cobbins
Batting: RHB Alex Rodriguez Jr. 0-0: Ball
1-0: Ball
2-0: Ground out 4-3 (Groundball, 4, EV 91.2 MPH)
Batting: LHB Hector Pedroso 0-0: Ball
1-0: Ball
2-0: Foul Ball, location: 2F
2-1: Ball
3-1: Foul Ball, location: 2F
3-2: Foul Ball, location: 2F
3-2: Strikes out looking
Batting: RHB Nick Ogle 0-0: Swinging Strike
0-1: Ball
1-1: Foul Ball, location: 2F
1-2: Ball
2-2: Foul Ball, location: 2F
2-2: Ball
3-2: SINGLE (Groundball, 4MD, EV 99.4 MPH)
Batting: LHB Danny Dunham 0-0: Ball
1-0: SINGLE (Groundball, 56D, EV 95.6 MPH)
Nick Ogle to second
Batting: LHB Arvin Dungca 0-0: Fly out, F8 (Flyball, 8LD, EV 103.1 MPH)
Top of the 1st over - 0 runs, 2 hits, 0 errors, 2 left on base; Cleveland 0 - Oakland 0
BOTTOM OF THE 1ST
Oakland Athletics batting - Pitching for Cleveland Indians : RHP Ben Cole
Pitching: RHP Ben Cole
Batting: RHB Randy Shrewsbury 0-0: Ball
1-0: Fly out, F9 (Flyball, 9, EV 90.0 MPH)
Batting: SHB Quincy Bradford 0-0: Fly out, F8 (Flyball, 89M, EV 81.9 MPH)
Batting: RHB Muneo Kawachi 0-0: Ball
1-0: Foul Ball, location: 2F
1-1: Ball
2-1: SINGLE (Line Drive, 3D, EV 109.4 MPH)
Batting: LHB Sakae Kasahara 0-0: Ball
1-0: Ball
Muneo Kawachi steals 2nd base
2-0: Called Strike
2-1: Ground out 4-3 (Groundball, 4, EV 80.0 MPH)
Bottom of the 1st over - 0 runs, 1 hit, 0 errors, 1 left on base; Cleveland 0 - Oakland 0
TOP OF THE 2ND
Cleveland Indians batting - Pitching for Oakland Athletics : RHP Jalen Cobbins
Batting: LHB Kyle Schaible 0-0: Swinging Strike
0-1: Hit by Pitch
Pinch Runner at 1st Doug Hammertime:
Batting: RHB Tommy Baird 0-0: Ball
1-0: Called Strike
Doug Hammertime steals 2nd base
1-1: Called Strike
Doug Hammertime steals 3rd, throwing error, E2
Doug Hammertime scores
1-2: Strikes out swinging
Batting: RHB Edwin Madrid 0-0: Fly out, F9 (Flyball, 9, EV 86.2 MPH)
Batting: SHB Billy Durham 0-0: Fly out, F8 (Line Drive, 8RS, EV 89.4 MPH)
Top of the 2nd over - 1 run, 0 hits, 1 error, 0 left on base; Cleveland 1 - Oakland 0
BOTTOM OF THE 2ND
Oakland Athletics batting - Pitching for Cleveland Indians : RHP Ben Cole
Now at 2B: Doug Hammertime
Batting: RHB Jason May 0-0: Ball
1-0: Ball
2-0: Swinging Strike
2-1: Foul Ball, location: 2F
2-2: Foul Ball, location: 2F
2-2: Foul Ball, location: 2F
2-2: Strikes out looking
Batting: RHB Shigem Kubo 0-0: Called Strike
0-1: Ball
1-1: Ground out 6-3 (Groundball, 6, EV 87.5 MPH)
Batting: RHB Mike Blair 0-0: Ball
1-0: Ball
2-0: Swinging Strike
2-1: DOUBLE (Line Drive, 5D, EV 99.4 MPH)
Batting: SHB Ryan Langlois 0-0: Foul Ball, location: 2F
0-1: Foul Ball, location: 2F
0-2: Strikes out swinging
Bottom of the 2nd over - 0 runs, 1 hit, 0 errors, 1 left on base; Cleveland 1 - Oakland 0
TOP OF THE 3RD
Cleveland Indians batting - Pitching for Oakland Athletics : RHP Jalen Cobbins
Batting: RHB Alex Rodriguez Jr. 0-0: Ball
1-0: SOLO HOME RUN (Flyball, 89XD, EV 96.2 MPH), Distance : 394 ft
Batting: LHB Hector Pedroso 0-0: Ball
1-0: Fly out, F8 (Flyball, 8RS, EV 91.9 MPH)
Batting: RHB Nick Ogle 0-0: Called Strike
0-1: Ground out 6-3 (Groundball, 6, EV 86.9 MPH)
Batting: LHB Danny Dunham 0-0: Ball
1-0: Called Strike
1-1: Called Strike
1-2: Ground out 5-3 (Groundball, 5, EV 108.1 MPH)
Top of the 3rd over - 1 run, 1 hit, 0 errors, 0 left on base; Cleveland 2 - Oakland 0
BOTTOM OF THE 3RD
Oakland Athletics batting - Pitching for Cleveland Indians : RHP Ben Cole
Batting: RHB Philip Jansen 0-0: Called Strike
0-1: Called Strike
0-2: Ball
1-2: Ground out 6-3 (Groundball, 6, EV 106.2 MPH)
Batting: RHB Randy Shrewsbury 0-0: Ball
1-0: Called Strike
1-1: Ball
2-1: Foul Ball, location: 2F
2-2: Ball
3-2: Base on Balls
Batting: SHB Quincy Bradford 0-0: Ball
1-0: Ball
Randy Shrewsbury steals 2nd, throwing error, E2
Randy Shrewsbury to third
2-0: Fly out, F8 (Flyball, 8LS, EV 89.4 MPH)
Batting: RHB Muneo Kawachi 0-0: Ball
1-0: Ball
2-0: SINGLE (Groundball, 56S, EV 72.5 MPH) (infield hit)
Randy Shrewsbury scores
Batting: LHB Sakae Kasahara 0-0: Ball
1-0: Foul Ball, location: 2F
1-1: 2-RUN HOME RUN (Flyball, 7D, EV 100.0 MPH), Distance : 390 ft
Batting: RHB Jason May 0-0: Ball
1-0: Swinging Strike
1-1: Ball
2-1: Ball
3-1: Foul Ball, location: 2F
3-2: Foul Ball, location: 2F
3-2: Foul Ball, location: 2F
3-2: Base on Balls
Batting: RHB Shigem Kubo 0-0: Foul Ball, location: 2F
0-1: Ball
1-1: Called Strike
1-2: Ball
2-2: Ball
3-2: Fly out, F8 (Flyball, 8RM, EV 83.1 MPH)
Bottom of the 3rd over - 3 runs, 2 hits, 1 error, 1 left on base; Cleveland 2 - Oakland 3
TOP OF THE 4TH
Cleveland Indians batting - Pitching for Oakland Athletics : RHP Jalen Cobbins
Batting: LHB Arvin Dungca 0-0: Swinging Strike
0-1: Swinging Strike
0-2: Ball
1-2: Foul Ball, location: 2F
1-2: Foul Ball, location: 2F
1-2: Ball
2-2: Strikes out swinging
Batting: RHB Doug Hammertime 0-0: Swinging Strike
0-1: Ball
1-1: Swinging Strike
1-2: Ball
2-2: Ball
3-2: Foul Ball, location: 2F
3-2: Base on Balls
Batting: RHB Tommy Baird 0-0: Ball
1-0: Grounds into double play, 6-4-3 (Groundball, 6, EV 105.0 MPH)
Top of the 4th over - 0 runs, 0 hits, 0 errors, 0 left on base; Cleveland 2 - Oakland 3
BOTTOM OF THE 4TH
Oakland Athletics batting - Pitching for Cleveland Indians : RHP Ben Cole
Batting: RHB Mike Blair 0-0: Foul Ball, location: 2F
0-1: Called Strike
0-2: Ball
1-2: DOUBLE (Flyball, 89XD, EV 109.4 MPH)
Batting: SHB Ryan Langlois 0-0: Foul Ball, location: 2F
0-1: Ball
1-1: Fly out, F8 (Flyball, 8LD, EV 90.0 MPH)
Batting: RHB Philip Jansen 0-0: Called Strike
0-1: Ball
1-1: Called Strike
1-2: Foul Ball, location: 2F
1-2: Ground out 5-3 (Groundball, 56S, EV 90.6 MPH)
Batting: RHB Randy Shrewsbury 0-0: Swinging Strike
0-1: Ball
1-1: Ball
2-1: Ball
3-1: Called Strike
3-2: Foul Ball, location: 2F
3-2: SINGLE (Groundball, 6D, EV 100.0 MPH)
Mike Blair to third
Runner from 3rd tries for Home, throw by CF and OUT! 8-2
Bottom of the 4th over - 0 runs, 2 hits, 0 errors, 1 left on base; Cleveland 2 - Oakland 3
TOP OF THE 5TH
Cleveland Indians batting - Pitching for Oakland Athletics : RHP Jalen Cobbins
Batting: RHB Edwin Madrid 0-0: Swinging Strike
0-1: Swinging Strike
0-2: Strikes out looking
Batting: SHB Billy Durham 0-0: Called Strike
0-1: Ball
1-1: Foul Ball, location: 2F
1-2: Strikes out looking
Batting: RHB Alex Rodriguez Jr. 0-0: Ball
1-0: Called Strike
1-1: Ground out 6-3 (Groundball, 6, EV 101.9 MPH)
Top of the 5th over - 0 runs, 0 hits, 0 errors, 0 left on base; Cleveland 2 - Oakland 3
BOTTOM OF THE 5TH
Oakland Athletics batting - Pitching for Cleveland Indians : RHP Ben Cole
Batting: SHB Quincy Bradford 0-0: Called Strike
0-1: Swinging Strike
0-2: Ball
1-2: Ball
2-2: Foul Ball, location: 2F
2-2: Foul Ball, location: 2F
2-2: Foul Ball, location: 2F
2-2: Strikes out looking
Batting: RHB Muneo Kawachi 0-0: Ground out 6-3 (Groundball, 6S, EV 88.8 MPH)
Batting: LHB Sakae Kasahara 0-0: Called Strike
0-1: Ball
1-1: Ground out 6-3 (Groundball, 6, EV 109.4 MPH)
Bottom of the 5th over - 0 runs, 0 hits, 0 errors, 0 left on base; Cleveland 2 - Oakland 3
TOP OF THE 6TH
Cleveland Indians batting - Pitching for Oakland Athletics : RHP Jalen Cobbins
Batting: LHB Hector Pedroso 0-0: Ball
1-0: Ground out 4-3 (Groundball, 4M, EV 85.6 MPH)
Batting: RHB Nick Ogle 0-0: Called Strike
0-1: Fly out, F8 (Line Drive, 89M, EV 91.2 MPH)
Batting: LHB Danny Dunham 0-0: Foul Ball, location: 2F
0-1: Ball
1-1: Ground out 6-3 (Groundball, 6, EV 83.8 MPH)
Top of the 6th over - 0 runs, 0 hits, 0 errors, 0 left on base; Cleveland 2 - Oakland 3
BOTTOM OF THE 6TH
Oakland Athletics batting - Pitching for Cleveland Indians : RHP Ben Cole
Batting: RHB Jason May 0-0: Swinging Strike
0-1: Ground out 5-3 (Groundball, 56, EV 90.6 MPH)
Batting: RHB Shigem Kubo 0-0: Ball
1-0: Ground out 2-3 (Groundball, 2R, EV 75.6 MPH)
Batting: RHB Mike Blair 0-0: Called Strike
0-1: Ball
1-1: Ground out 5-3 (Groundball, 56S, EV 81.2 MPH)
Bottom of the 6th over - 0 runs, 0 hits, 0 errors, 0 left on base; Cleveland 2 - Oakland 3
TOP OF THE 7TH
Cleveland Indians batting - Pitching for Oakland Athletics : RHP Jalen Cobbins
Batting: LHB Arvin Dungca 0-0: Called Strike
0-1: SINGLE (Line Drive, 6D, EV 103.8 MPH)
Batting: RHB Doug Hammertime 0-0: Called Strike
Arvin Dungca steals 2nd base
0-1: Called Strike
0-2: Foul Ball, location: 2F
0-2: Ball
1-2: Ball
2-2: SINGLE (Line Drive, 34D, EV 99.4 MPH)
Arvin Dungca to third
Runner from 3rd tries for Home, throw by RF and OUT! 9-2
Doug Hammertime to second
Pinch Hitting: LHB Stu Sornson 0-0: Called Strike
0-1: Swinging Strike
0-2: Ground out 6-3 (Groundball, 6, EV 93.8 MPH)
Doug Hammertime to third
Batting: RHB Edwin Madrid 0-0: Foul Ball, location: 2F
0-1: Fly out, F6 (Line Drive, 6, EV 71.9 MPH)
Top of the 7th over - 0 runs, 2 hits, 0 errors, 1 left on base; Cleveland 2 - Oakland 3
BOTTOM OF THE 7TH
Oakland Athletics batting - Pitching for Cleveland Indians : RHP Ben Cole
Now in CF: Stu Sornson
Batting: SHB Ryan Langlois 0-0: Ball
1-0: Foul Ball, location: 2F
1-1: Foul Ball, location: 2F
1-2: Strikes out swinging
Pitching: RHP Matt Laverty
Batting: RHB Philip Jansen 0-0: Swinging Strike
0-1: Called Strike
0-2: Fly out, F9 (Flyball, 9LS, EV 86.2 MPH)
Batting: RHB Randy Shrewsbury 0-0: Called Strike
0-1: Ball
1-1: Ground out 5-3 (Groundball, 56, EV 81.9 MPH)
Bottom of the 7th over - 0 runs, 0 hits, 0 errors, 0 left on base; Cleveland 2 - Oakland 3
TOP OF THE 8TH
Cleveland Indians batting - Pitching for Oakland Athletics : RHP Jalen Cobbins
Batting: SHB Billy Durham 0-0: Called Strike
0-1: Ball
1-1: Fly out, F8 (Flyball, 8RD, EV 80.0 MPH)
Batting: RHB Alex Rodriguez Jr. 0-0: Ball
1-0: Ball
2-0: Called Strike
2-1: SINGLE (Groundball, 34, EV 104.4 MPH) (infield hit)
Batting: LHB Hector Pedroso 0-0: Ball
1-0: Ball
2-0: Ball
3-0: Base on Balls
Alex Rodriguez Jr. to second
Batting: RHB Nick Ogle 0-0: Swinging Strike
0-1: Swinging Strike
0-2: Ball
1-2: Strikes out looking
Batting: LHB Danny Dunham 0-0: Swinging Strike
0-1: Fly out, F9 (Flyball, 9D, EV 102.5 MPH)
Top of the 8th over - 0 runs, 1 hit, 0 errors, 2 left on base; Cleveland 2 - Oakland 3
BOTTOM OF THE 8TH
Oakland Athletics batting - Pitching for Cleveland Indians : RHP Matt Laverty
Batting: SHB Quincy Bradford 0-0: SINGLE (Line Drive, 89S, EV 105.0 MPH)
Batting: RHB Muneo Kawachi 0-0: Ball
1-0: SINGLE (Groundball, 6MD, EV 108.8 MPH) (infield hit)
Quincy Bradford to second
Batting: LHB Sakae Kasahara 0-0: Ball
1-0: 3-RUN HOME RUN (Flyball, 7D, EV 100.6 MPH), Distance : 391 ft
Pitching: RHP Ryan Southerland
Batting: RHB Jason May 0-0: Swinging Strike
0-1: Foul Ball, location: 2F
0-2: Strikes out swinging
Batting: RHB Shigem Kubo 0-0: Called Strike
0-1: Called Strike
0-2: Ball
1-2: Fly out, F8 (Flyball, 8LD, EV 103.1 MPH)
Batting: RHB Mike Blair 0-0: Foul Ball, location: 2F
0-1: SOLO HOME RUN (Flyball, 7D, EV 96.9 MPH), Distance : 374 ft
Batting: SHB Ryan Langlois 0-0: Foul Ball, location: 2F
0-1: Called Strike
0-2: Strikes out swinging
Bottom of the 8th over - 4 runs, 4 hits, 0 errors, 0 left on base; Cleveland 2 - Oakland 7
TOP OF THE 9TH
Cleveland Indians batting - Pitching for Oakland Athletics : RHP Jalen Cobbins
Batting: LHB Arvin Dungca 0-0: Called Strike
0-1: Fly out, F7 (Flyball, 7LMF, EV 98.1 MPH)
Batting: RHB Doug Hammertime 0-0: Called Strike
0-1: Ball
1-1: SINGLE (Groundball, 34D, EV 99.4 MPH)
Pitching: RHP Aaron Garard
Batting: LHB Stu Sornson 0-0: Foul Ball, location: 2F
0-1: Ball
1-1: Ball
2-1: Ball
3-1: Base on Balls
Doug Hammertime to second
Batting: RHB Edwin Madrid 0-0: Ball
1-0: Called Strike
1-1: Ball
2-1: Foul Ball, location: 2F
2-2: Ball
3-2: Strikes out swinging
Batting: SHB Billy Durham 0-0: Foul Ball, location: 2F
0-1: Ball
1-1: Foul Ball, location: 2F
1-2: Ball
2-2: Foul Ball, location: 2F
2-2: Foul Ball, location: 2F
2-2: Ground out U3 (Groundball, 3S, EV 91.2 MPH)
Top of the 9th over - 0 runs, 1 hit, 0 errors, 2 left on base; Cleveland 2 - Oakland 7
Tuesday, September 13th , 2022 - OOTP Baseball 23.7 Build 88